 Dungeon Crawl Stone Soup version 0.21-a0-536-gdbbf329 (webtiles) character file.

324 zero the Sneak (level 6, -1/28 HPs)
             Began as a Spriggan Enchanter on Dec 14, 2017.
             Slain by a bullfrog (3 damage)
             ... in a sewer.
             The game lasted 00:08:04 (4091 turns).

zero the Sneak (Spriggan Enchanter)                 Turns: 4091, Time: 00:08:05

Health: -1/28      AC:  3    Str: 14    XL:     6   Next: 23%
Magic:  2/11       EV: 18    Int: 18    God:
Gold:   139        SH:  9    Dex: 17    Spells: 4/10 levels left

rFire    + . .     SeeInvis +   i - +3 dagger (speed)
rCold    . . .     Gourm    .   j - +2 buckler {rF+}
rNeg     . . .     Faith    .   b - +1 robe
rPois    .         Spirit   .   (helmet restricted)
rElec    .         Reflect  .   (no cloak)
rCorr    .         Harm     .   (gloves unavailable)
MR       +....                  (boots unavailable)
Stlth    ++........             (no amulet)
HPRegen  0.09/turn              g - +6 ring of strength
MPRegen  0.12/turn              k - +4 ring of strength

@: slow
A: very small, unfitting armour, see invisible, herbivore 3, speed 3, slow
metabolism 2
a: no special abilities


You were in a sewer.
You were not hungry.

You visited 1 branch of the dungeon, and saw 3 of its levels.
You also visited: Sewer.

You collected 139 gold pieces.

Inventory:

Hand Weapons
 i - a +3 dagger of speed (weapon)
Armour
 b - a +1 robe (worn)
 j - a +2 buckler of fire resistance (worn)
Jewellery
 g - a +6 ring of strength (left hand)
 k - a +4 ring of strength (right hand)
Scrolls
 a - a scroll of identify
 f - a scroll of blinking
 l - 2 scrolls of remove curse
Potions
 e - 2 potions of haste
 h - a potion of magic
Books
 c - a book of Maledictions

   Spells                             Type                      Level
   a - Corona                         Hexes                        1
   b - Ensorcelled Hibernation        Hexes/Ice                    2
   c - Confuse                        Hexes                        3
   d - Tukima's Dance                 Hexes                        3
   e - Dazzling Spray                 Conjuration/Hexes            3
Comestibles
 d - a bread ration


   Skills:
 + Level 3.7 Short Blades
 - Level 3.0 Dodging
 + Level 6.9 Stealth
 * Level 2.9 Shields
 - Level 2.6 Spellcasting
 - Level 3.6 Hexes


You had 4 spell levels left.
You knew the following spells:

 Your Spells              Type           Power        Failure   Level  Hunger
a - Corona                Hex            ###....      4%          1    #......
b - Ensorcelled Hibernat  Hex/Ice        #.....       16%         2    ##.....
c - Confuse               Hex            ###.....     16%         3    ###....


Dungeon Overview and Level Annotations

Branches:
Dungeon (3/15)

Altars:


Innate Abilities, Weirdness & Mutations

You are very small and have problems with some larger weapons.
You are too small for most types of armour.
You have supernaturally acute eyesight. (SInv)
You are a herbivore.
You cover ground extremely quickly.
You need consume almost no food.


Message History

The bullfrog hits you but does no damage.
The giant cockroach closely misses you.
You see here a bread ration.
You see here 13 gold pieces.
You enter the shallow water.
Moving in this stuff is going to be slow.
The giant cockroach misses you.
The leopard gecko completely misses you.
The giant cockroach misses you. The leopard gecko closely misses you.
The bullfrog hits you.
* * * LOW HITPOINT WARNING * * *
You block the giant cockroach's attack. The bullfrog misses you.
The giant cockroach misses you. The bullfrog closely misses you.
The ball python closely misses you. The ball python completely misses you.
You block the giant cockroach's attack. The bullfrog barely misses you.
You enter the shallow water.
Moving in this stuff is going to be slow.
The bullfrog hits you.
You die...

#≈≈≈≈≈≈.≈≈≈≈..∩.###
#≈≈≈#########....≈#
####≈÷≈≈≈≈.†≈.≈####.≈∩
##≈.#≈≈≈≈≈#####≈.≈≈####
####≈≈.#######≈∩≈#≈≈≈÷÷.≈#
##.≈≈≈†≈≈#..≈≈≈.≈≈####≈≈≈≈≈
##≈≈≈≈#≈≈##...≈≈≈.≈≈≈≈###≈≈≈
#≈..†##≈≈#≈≈#######≈†≈≈≈##.≈
##≈≈†##≈≈##≈@#≈≈≈≈≈###≈≈.≈##≈
#≈≈≈≈#≈..#≈ssF≈≈.≈≈≈≈##.≈..#.
##≈≈≈##≈≈≈#≈≈.l≈≈.≈≈≈≈≈##.≈≈##
#.≈≈≈#≈≈≈≈#...≈.≈≈≈≈..≈≈#≈≈≈≈#
#∩.≈.#≈.≈≈#≈..?.?...≈≈≈≈#≈≈≈≈#
#...≈#..≈.#≈≈≈.%$$.≈≈.≈≈#≈≈≈≈#
##≈≈≈##≈.≈##≈≈≈..≈≈≈≈≈≈##≈≈≈##
#≈≈..#≈†≈≈##≈≈≈≈.≈≈≈≈##≈.≈≈#.
##≈≈≈##≈≈≈≈###≈≈≈≈≈###≈≈≈≈##≈


You could see a bullfrog, a leopard gecko and 2 giant cockroaches.

Vanquished Creatures
  A bullfrog (Sewer)
  An orc wizard (D:3)
  6 adders
  A gnoll (D:1)
  11 oozes
  4 worms
  A dart slug (D:2)
  12 leopard geckos
  4 orcs (D:3)
  4 ball pythons
  14 giant cockroaches
  7 goblins
  3 hobgoblins
  8 kobolds
  3 quokkas
  5 bats
  13 frilled lizards
  12 rats
110 creatures vanquished.

Notes
Turn   | Place    | Note
-------+----------+-------------------------------------------
     0 | D:1      | zero the Spriggan Enchanter began the quest for the Orb.
     0 | D:1      | Reached XP level 1. HP: 9/9 MP: 5/5
   570 | D:2      | Reached skill level 5 in Stealth
   570 | D:2      | Reached XP level 2. HP: 11/13 MP: 6/6
   587 | D:2      | Learned a level 2 spell: Ensorcelled Hibernation
  1135 | D:1      | Reached XP level 3. HP: 10/16 MP: 5/8
  1972 | D:2      | Reached skill level 1 in Shields
  2135 | D:2      | Reached XP level 4. HP: 21/21 MP: 4/9
  2140 | D:2      | Learned a level 3 spell: Confuse
  2893 | D:3      | Reached skill level 6 in Stealth
  2914 | D:3      | Reached XP level 5. HP: 24/24 MP: 5/10
  3084 | D:3      | Found a glowing drain.
  3121 | Sewer    | Entered a sewer
  4072 | Sewer    | Reached XP level 6. HP: 28/28 MP: 8/11
  4091 | Sewer    | Slain by a bullfrog

Vault maps used:
D:1:      nicolae_arrival_washed_ashore
D:2:      minmay_pentomino_t2
D:3:      portal_sewer_entry_f
Sewer:    sewer_frog_island_02

Skill      XL: |  1  2  3  4 |
---------------+-------------+-----
Stealth        | 5 6 |  6.9
Short Blades   | 2 3 |  3.7
Shields        | 1 2 |  2.9
Dodging        | |  3.0
Spellcasting   | |  2.6
Hexes          | |  3.6

Action                   |  1- 3 |  4- 6 || total
-------------------------+-------+-------++-------
Melee: Dagger            |    96 |   281 ||   377
 Cast: Corona            |    19 |    30 ||    49
       Ensorcelled Hiber |     8 |    18 ||    26
  Use: Scroll            |     4 |     5 ||     9
 Stab: Sleeping          |    14 |    21 ||    35
       Distracted        |       |     1 ||     1
  Eat: Bread ration      |       |     1 ||     1
Armor: Robe              |    11 |    17 ||    28
Dodge: Dodged            |    76 |   177 ||   253
Block: Buckler           |    20 |   103 ||   123

Table legend:
 A = Spawn XP
 B = Non-spawn XP
 C = Spawn XP percentage of total XP
 D = Spawn monster count
 E = Non-spawn monster count
 F = Spawn count percentage of total count
 G = Total turns spent on level
                    A         B        C        D         E        F      G
               +---------+---------+-------+---------+---------+-------+---------
         Total |       0 |     464 |   0.0 |       0 |     110 |   0.0 |  4091
               +---------+---------+-------+---------+---------+-------+---------
           D:1 |       0 |      52 |   0.0 |       0 |      22 |   0.0 |  1533
           D:2 |       0 |      90 |   0.0 |       0 |      22 |   0.0 |  1075
           D:3 |       0 |      95 |   0.0 |       0 |      27 |   0.0 |   513
         Sewer |       0 |     227 |   0.0 |       0 |      39 |   0.0 |   970
               +---------+---------+-------+---------+---------+-------+---------
